 Dungeon Crawl Stone Soup version 0.31-a0-152-g6aa68a64a1 (webtiles) character file.

Game seed: 14321662748254329808

1027 qw the Skirmisher (level 8, -1/70 HPs)
             Began as a Minotaur Hunter on June 9, 2023.
             Slain by an ogre
             ... wielding a +0 giant club
              (8 damage)
             ... on level 5 of the Dungeon.
             The game lasted 00:01:35 (3797 turns).

qw the Skirmisher (Minotaur Hunter)                 Turns: 3797, Time: 00:01:36

Health: -1/70      AC:  6    Str: 16    XL:     8   Next: 3%
Magic:  7/7        EV: 17    Int:  6    God:
Gold:   179        SH:  0    Dex: 16    Spells: 7/7 levels left

rFire   . . .        Y - +1 shortbow
rCold   . . .        (shield currently unavailable)
rNeg    . . .        j - +0 ring mail
rPois   .            (helmet restricted)
rElec   .            (no cloak)
rCorr   .            f - +0 pair of gloves
SInv    .            (no boots)
Will    +....        (no amulet)
Stlth   +            h - +5 ring of evasion
HPRegen 0.31/turn    i - ring of willpower
MPRegen 0.10/turn

%: no passive effects
@: about to teleport
A: horns 2, retaliatory headbutt
a: no special abilities


You were on level 5 of the Dungeon.
You visited 2 branches of the dungeon, and saw 6 of its levels.

You collected 179 gold pieces.


Innate Abilities, Weirdness & Mutations

You have a pair of horns on your head.
You reflexively headbutt those who attack you in melee.


   Skills:
 - Level 6.1 Fighting
 + Level 9.1 Ranged Weapons
 - Level 2.5 Armour
 - Level 3.4 Dodging
 - Level 0.7 Stealth


You had 7 spell levels left.
You didn't know any spells.
Your spell library was empty.

Inventory:

Hand Weapons
 Y - a +1 shortbow (weapon)
Armour
 f - a +0 pair of gloves (worn)
 j - a +0 ring mail (worn)
Jewellery
 h - a +5 ring of evasion (left hand)
 i - a ring of willpower (right hand)
Scrolls
 g - 3 scrolls of identify
Potions
 b - a potion of mutation
 c - a potion of haste {unknown}
 d - a potion of ambrosia {unknown}
 e - 2 potions of curing

Dungeon Overview and Level Annotations

Branches:
Dungeon (5/15)             Temple (1/1) D:4

Altars:
Ashenzari
Fedhas
Gozag
Hepliaklqana
Kikubaaqudgha
Nemelex Xobeh
Ru
Uskayaw
Vehumet
Wu Jian
Zin

Shops:
D:2 =


Message History

Enter note:
Enter note:
Enter note: You see here a +0 chain mail.
Found a ring mail.
Enter note:
Enter note:
Enter note:
Enter note:
Enter note:
Enter note:
Enter note:
Enter note:
Enter note:
There is an escape hatch in the floor here.
An ogre comes into view. It is wielding a +0 giant club.
The ogre shouts!
Enter note:
Enter note:
Enter note:
Enter note:
Enter note:
Enter note:
Enter note:
Enter note:
Enter note: You shoot an arrow.
The arrow hits the ogre!
The ogre is heavily wounded.
The ogre hits you with a +0 giant club!!
You shoot an arrow. The arrow barely misses the ogre.
The ogre hits you with a +0 giant club!!
You shoot an arrow. The arrow hits the ogre.
The ogre is heavily wounded.
You shoot an arrow. The arrow barely misses the ogre.
The ogre hits you with a +0 giant club!!
3797 ||| READING scroll of teleportation.
As you read the scroll of teleportation, it crumbles to dust.
You feel strangely unstable. The ogre hits you with a +0 giant club!
You die...

#..............#.#
#.#######......#.#
#.................
#.#.###.#.##..##..
#.#.....#.##..##..
#.#.._..#.....##..
#.#.....#.....###.
#.#.###.#.......).
#@............###.
#O#######...|.# ##
#.. .....#.###
###. .......# #
########## # # # #
#


You could see an ogre.

Vanquished Creatures
  Grinder (D:4)
  Eustachio (D:4)
  A black bear (D:4)
  2 scorpions (D:5)
  A howler monkey (D:5)
  3 orc priests
  A jelly (D:4)
  Jessica (D:3)
  2 iguanas (D:5)
  Terence (D:2)
  An orc wizard (D:3)
  6 gnolls
  5 adders
  2 worms
  6 dart slugs
  7 orcs
  6 ball pythons
  3 bats
  12 endoplasms
  5 giant cockroaches
  6 goblins
  6 hobgoblins
  2 quokkas
  6 frilled lizards
  5 kobolds
  5 rats
97 creatures vanquished.

Notes
Turn   | Place    | Note
-------+----------+-------------------------------------------
     0 | D:1      | qw the Minotaur Hunter began the quest for the Orb.
     0 | D:1      | Reached XP level 1. HP: 18/18 MP: 0/0
     0 | D:1      | 0 ||| qw: Version: 0.2-a-122-gbc61b45
     0 | D:1      | 0 ||| qw: Game counter: 3441
     0 | D:1      | 0 ||| qw: Always use a shield: true
     0 | D:1      | 0 ||| qw: God list: Okawaru
     0 | D:1      | 0 ||| qw: Allow faded altars: false
     0 | D:1      | 0 ||| qw: Do Orc after D:15 true
     0 | D:1      | 0 ||| qw: Do second Lair branch before Depths: true
     0 | D:1      | 0 ||| qw: Lair rune preference: random
     0 | D:1      | 0 ||| qw: Plans: Normal
     0 | D:1      | 0 ||| PLANNING D:1-11
     9 | D:1      | Noticed an electric eel
    10 | D:1      | 10 ||| READING scroll labelled WINUEN SALOD.
    11 | D:1      | 11 ||| DROPPING scroll of butterflies.
    27 | D:1      | Found a faded altar of an unknown god.
   157 | D:1      | Reached XP level 2. HP: 25/25 MP: 1/1
   202 | D:1      | Reached skill level 5 in Ranged Weapons
   399 | D:1      | Reached skill level 3 in Fighting
   536 | D:1      | 536 ||| UPGRADING to +0 pair of gloves.
   541 | D:1      | 541 ||| UPGRADING to +5 ring of evasion.
   542 | D:1      | 542 ||| READING scroll labelled ESOOGO HO NYU.
   543 | D:1      | 543 ||| READING scroll labelled BOCINI IMEINO.
   544 | D:1      | 544 ||| READING scroll labelled HURIZY NIE.
   571 | D:2      | Noticed Terence
   583 | D:2      | Reached XP level 3. HP: 26/31 MP: 2/2
   583 | D:2      | Killed Terence
   591 | D:2      | Reached skill level 6 in Ranged Weapons
   591 | D:2      | Reached XP level 4. HP: 20/38 MP: 3/3
   597 | D:2      | HP: 8/38 [gnoll/+0 spear (6)]
   601 | D:2      | Reached skill level 1 in Armour
   957 | D:2      | Found Koereg's One-of-a-Kind Rings.
   961 | D:2      | 961 ||| SHOPLISTING +1 ring of slaying (84 gold, have 80).
   961 | D:2      | 961 ||| SHOPLISTING +2 ring of evasion (84 gold, have 80).
   961 | D:2      | 961 ||| SHOPLISTING +5 ring of slaying (1591 gold, have
                  | 80).
  1156 | D:2      | 1156 ||| UPGRADING to ring of willpower.
  1157 | D:2      | 1157 ||| READING scroll labelled SOAMYU LIYMAMA.
  1158 | D:2      | 1158 ||| READING scroll labelled HIELITRICE.
  1220 | D:3      | Found a hazy altar of Hepliaklqana.
  1261 | D:3      | Reached XP level 5. HP: 46/46 MP: 4/4
  1590 | D:3      | Noticed Jessica
  1595 | D:3      | Killed Jessica
  1723 | D:3      | Reached skill level 7 in Ranged Weapons
  1965 | D:3      | 1965 ||| READING scroll labelled XAAH MYADD.
  1966 | D:3      | 1966 ||| DRINKING 2 green potions.
  1967 | D:3      | 1967 ||| READING 4 scrolls of identify.
  1967 | D:3      | 1967 ||| IDENTIFYING blue potion
  1968 | D:3      | 1968 ||| READING 3 scrolls of identify.
  1968 | D:3      | 1968 ||| IDENTIFYING bubbling purple potion
  1969 | D:3      | 1969 ||| READING 2 scrolls of identify.
  1969 | D:3      | 1969 ||| IDENTIFYING fuming silvery potion
  1970 | D:3      | 1970 ||| DROPPING potion of attraction.
  1988 | D:4      | Noticed Grinder
  1997 | D:4      | 1997 ||| Stepping ~*~*~tactically~*~*~ (outnumbered).
  2002 | D:4      | 2002 ||| Stepping ~*~*~tactically~*~*~ (outnumbered).
  2017 | D:4      | Paralysed by Grinder for 5 turns
  2030 | D:4      | Killed Grinder
  2031 | D:4      | Reached skill level 8 in Ranged Weapons
  2031 | D:4      | Reached XP level 6. HP: 29/52 MP: 5/5
  2034 | D:4      | 2034 ||| FLEEEEING.
  2035 | D:4      | 2035 ||| STAIRDANCE
  2172 | D:4      | Found a staircase to the Ecumenical Temple.
  2173 | D:4      | 2173 ||| PLANNING TEMPLE
  2203 | Temple   | Entered the Ecumenical Temple
  2301 | Temple   | 2301 ||| PLANNING D:1-11
  2430 | D:4      | Reached skill level 3 in Dodging
  2430 | D:4      | Reached XP level 7. HP: 59/59 MP: 6/6
  2535 | D:4      | Found a radiant altar of Vehumet.
  2539 | D:4      | Identified the orb of Skepticism {light, Str+3}
  2615 | D:4      | Found a broken altar of Ashenzari.
  2618 | D:4      | 2618 ||| UPGRADING to +0 ring mail.
  2619 | D:4      | 2619 ||| UPGRADING to +0 ring mail.
  2624 | D:4      | 2624 ||| UPGRADING to +0 leather armour.
  2629 | D:4      | 2629 ||| UPGRADING to +0 ring mail.
  2630 | D:4      | 2630 ||| UPGRADING to +0 ring mail.
  2640 | D:4      | 2640 ||| DROPPING +0 leather armour.
  2641 | D:4      | 2641 ||| READING scroll labelled FEXON LAED WIL.
  2642 | D:4      | 2642 ||| READING 3 scrolls of identify.
  2642 | D:4      | 2642 ||| IDENTIFYING cyan potion
  2643 | D:4      | 2643 ||| DROPPING potion of brilliance.
  2853 | D:4      | HP: 12/61 [orc priest/divine providence (17)]
  2854 | D:4      | 2854 ||| DRINKING potion of heal wounds.
  3023 | D:5      | Entered Level 5 of the Dungeon
  3023 | D:5      | Noticed Eustachio
  3049 | D:5      | 3049 ||| STAIRDANCE
  3057 | D:4      | Killed Eustachio
  3326 | D:5      | Reached skill level 9 in Ranged Weapons
  3361 | D:5      | Found a sacrificial altar of Ru.
  3560 | D:5      | Reached XP level 8. HP: 70/70 MP: 7/7
  3580 | D:5      | Reached skill level 6 in Fighting
  3796 | D:5      | HP: 7/70 [ogre/+0 giant club (24)]
  3797 | D:5      | 3797 ||| READING scroll of teleportation.
  3797 | D:5      | Slain by an ogre

Levels and vault maps discovered:
D:1:      arrival_aquarium_a, layout_loops_ring,
          hellmonk_ecumenical_altar_arch_garden
D:2:      layout_basic, nicolae_shop_unique_rings, st_stairs_8, uniq_terence
D:3:      layout_basic, general_overflow_altar, uniq_jessica
D:4:      layout_loops_ring, mainiacjoe_overflow_small_starburst,
          nicolae_ashenzari_panopticon, minmay_temple_entry_mini_moons,
          uniq_grinder
D:5:      layout_loops_cross, mainiacjoe_overflow_cross_hatched,
          hangedman_decor_lopped, minmay_fire_ice_demons, uniq_eustachio,
          uniq_menkaure
Temple:   hellmonk_temple_beads

Skill      XL: |  1  2  3  4  5  6  7  8 |
---------------+-------------------------+-----
Ranged Weapons | 5 6 8 9 |  9.1
Fighting       | 3 4 5 6 |  6.1
Armour         | 1 2 |  2.5
Dodging        | 3 |  3.4
Stealth        | |  0.7

Action                     |  1- 3 |  4- 6 |  7- 9 || total
---------------------------+-------+-------+-------++-------
   Fire: Shortbow          |    63 |   144 |   134 ||   341
    Use: Scroll            |     4 |     6 |     3 ||    13
         Potion            |       |     1 |     1 ||     2
 Armour: Leather armour    |     1 |     5 |       ||     6
         Ring mail         |       |       |    44 ||    44
  Dodge: Dodged            |    27 |    24 |   114 ||   165

Table legend:
 A = Non-vault XP
 B = Vault XP
 C = Vault XP percentage of total XP
 D = Non-vault monster count
 E = Vault monster count
 F = Vault count percentage of total count
                 A         B        C        D         E       F
            +---------+---------+-------+---------+---------+-------
      Total |     920 |     548 |  37.3 |      91 |       6 |   6.2
            +---------+---------+-------+---------+---------+-------
        D:1 |      36 |       0 |   0.0 |      21 |       0 |   0.0
        D:2 |      94 |      39 |  29.3 |      23 |       3 |  11.5
        D:3 |     132 |      37 |  21.9 |      17 |       1 |   5.6
        D:4 |     313 |     472 |  60.1 |      20 |       2 |   9.1
        D:5 |     345 |       0 |   0.0 |      10 |       0 |   0.0
            +---------+---------+-------+---------+---------+-------
